AoeStats
← [Massa] Edo

Arena

505283718Analyzed
2v2 RM · 23d ago on Sep 8, 2026· 29m 3s· 4 players
Game mode
Random Map
Map size
Medium (4 player)
Population
200
Speed
Normal
Resources
Standard
Victory
Conquest
Starting age
Dark Age
Ending age
Imperial Age
RankedLock teamsTeams togetherTeam positionsShared explorationLock speedFull tech treeHidden civsTurbo modeCheats
Victory
Defeat
🇬🇧 Vietnamese · United Kingdom
1435
+17
🇬🇧 Saracens · United Kingdom
1435
+17
🇧🇷 Mongols · Brazil
1472
-18
🇧🇷 Vikings · Brazil
1435
-16
Panicvectors
11:21 Feudal Age
10:38 Loom
15:41 Castle Age
14:14 Double-Bit Axe
14:50 Horse Collar
15:16 Fletching
18:09 Bow Saw
23:17 Wheelbarrow
24:31 Bodkin Arrow
28:52 Heavy Plow
Ognoreglep
10:23 Feudal Age
9:28 Loom
14:19 Castle Age
12:19 Double-Bit Axe
13:03 Horse Collar
14:02 Gold Mining
15:28 Bow Saw
20:40 Sanctity
22:01 Redemption
24:13 Fervor
26:24 Town Watch
[Massa] Edo
9:52 Feudal Age
13:37 Castle Age
11:48 Double-Bit Axe
11:46 Horse Collar
14:41 Bow Saw
18:20 Loom
20:49 Devotion
25:03 Fletching
tg
6:19 Loom
8:20 Feudal Age
8:58 Double-Bit Axe
10:14 Fletching
14:25 Horse Collar
16:59 Gold Mining
23:00 Castle Age
21:35 Padded Archer Armor
23:43 Bodkin Arrow
23:11 Crossbowman
24:37 Bow Saw
26:16 Ballistics
29:26 Leather Archer Armor
Connection lost

Rejoining the realm…

Still unreachable

The connection could not be restored.

Session expired

The server has moved on; the page needs a fresh start.